 Dungeon Crawl Stone Soup version 0.18.1-5-g4a78601 (webtiles) character file.

375 ololoev the Poker (level 6, -4/44 HPs)
             Began as a Merfolk Skald on May 13, 2016.
             Killed by nerve-wracking pain
             ... invoked by an orc priest
              (8 damage)
             ... on level 4 of the Dungeon.
             The game lasted 00:11:45 (4620 turns).

ololoev the Poker (Merfolk Skald)                   Turns: 4620, Time: 00:11:46

Health: -4/44      AC:  8    Str: 13 (14) XL:     6   Next: 73%
Magic:  2/9        EV: 13    Int: 10 (12) God:
Gold:   176        SH:  0    Dex: 12 (13) Spells: 3 memorised, 3 levels left

rFire  . . .     SeeInvis .     a - +0 spear
rCold  . . .     Gourm    .     b - +0 leather armour
rNeg   . . .     Faith    .     (no shield)
rPois  .         Spirit   .     (no helmet)
rElec  .         Dismiss  .     h - +1 cloak
rCorr  .         Reflect  .     m - +1 pair of gloves
SustAt .         Harm     .     (no boots)
MR     .....                    (no amulet)
Stlth  +.........               (no ring)
                                (no ring)

@: singing, flying, very slightly contaminated, invisible, not resistant to
hostile enchantments, very unstealthy
A: change form in water, swift swim, icy blue scales 1
a: Stop Singing


Innate Abilities, Weirdness & Mutations

You revert to your normal form in water.
You are very nimble and swift while swimming.
You are partially covered in icy blue scales (AC +1).

Inventory:

Hand Weapons
 a - a +0 spear (weapon)
 n - a +0 halberd
Armour
 b - a +0 leather armour (worn)
 h - a +1 cloak (worn)
 m - a +1 pair of gloves (worn)
Scrolls
 g - 5 scrolls of identify {unknown}
 i - a scroll of amnesia {unknown}
 j - 5 scrolls of remove curse {unknown}
 l - a scroll of magic mapping {unknown}
 p - a scroll of fog {unknown}
 t - 2 scrolls of enchant armour {unknown}
 v - a scroll of teleportation {unknown}
 x - a scroll of random uselessness {unknown}
 y - a scroll of noise {unknown}
Potions
 k - 2 potions of flight
 u - 2 potions of degeneration
Books
 c - a book of Battle

   Spells                             Type                      Level
   a - Infusion                       Charms                       1
   b - Shroud of Golubria             Charms/Translocation         2
   c - Song of Slaying                Charms                       2
   d - Spectral Weapon                Hexes/Charms                 3
   e - Regeneration                   Charms/Necromancy            3
Comestibles
 d - 3 bread rations
 o - 7 chunks of flesh
 r - 2 slices of pizza
 s - 3 fruits
 z - a beef jerky


   Skills:
 - Level 2.1 Fighting
 * Level 7.2 Polearms
 + Level 2.7 Armour
 + Level 4.0 Dodging
 - Level 2.0 Spellcasting
 - Level 3.2 Charms


You had 3 spell levels left.
You knew the following spells:

 Your Spells              Type           Power        Failure   Level  Hunger
a - Infusion              Chrm           #...         12%         1    ##.....
b - Song of Slaying       Chrm           #.......     17%         2    ###....
c - Regeneration          Chrm/Necr      #.........   67%         3    ####...


You were on level 4 of the Dungeon.
You were not hungry.

You visited 1 branch of the dungeon, and saw 4 of its levels.

You collected 176 gold pieces.

######...# ...^#...#
#......# #.<#.#.###
#.#......# #....#.#)#
###.<#.#)# #..#J#.#####
..g..g#..@..#
........#####o#
..........# #'#
..........# #..o......
..........# ......o...o
############.#.........
#.#......... #
......%... ###.######

Notes
Turn   | Place    | Note
--------------------------------------------------------------
     0 | D:1      | ololoev the Merfolk Skald began the quest for the Orb.
     0 | D:1      | Reached XP level 1. HP: 16/16 MP: 3/3
    94 | D:1      | Reached XP level 2. HP: 7/22 MP: 0/5
   224 | D:1      | Reached skill level 1 in Armour
   229 | D:1      | Learned a level 2 spell: Song of Slaying
   582 | D:1      | Reached skill level 4 in Polearms
   603 | D:1      | DEFE: мерфолки крутые
   695 | D:1      | DEFE: им можно сразу глейв
   702 | D:1      | Reached XP level 3. HP: 27/27 MP: 6/6
   703 | D:1      | DEFE: выдавать
   713 | D:1      | DEFE: с такой-то аптой
   715 | D:1      | ololoev: да, скилл моментально поднимается
   788 | D:1      | DEFE: воу
   796 | D:1      | DEFE: перетыкал
  1447 | D:2      | DEFE: а ты скальдом
  1467 | D:2      | Learned a level 3 spell: Regeneration
  1509 | D:2      | DEFE: по мне так проще табалку качать
  1509 | D:2      | DEFE: выучить реген на будущее и выкинуть книгу
  1509 | D:2      | jacquesderrida: Лалеев!
  1509 | D:2      | ololoev: вот я тоже обычно в раздумьях
  1509 | D:2      | jacquesderrida: Эх!...
  1509 | D:2      | ololoev: сразу подкачать или нет
  1509 | D:2      | ololoev: все равно плейт одену и не скоро буду кастовать
  1538 | D:2      | jacquesderrida: плейт
  1543 | D:2      | jacquesderrida: ЗАЧЕМ
  1543 | D:2      | Reached XP level 4. HP: 33/33 MP: 2/7
  1544 | D:2      | ololoev: чтобы табать не прерываясь на таб
  1680 | D:2      | jacquesderrida: В ринг мейле тоже можно табать
  1684 | D:2      | DEFE: анстопбл таб
  1715 | D:2      | DEFE: гдр низкий
  1717 | D:2      | Reached skill level 5 in Polearms
  1718 | D:2      | jacquesderrida: лал че
  1718 | D:2      | ololoev: в ринг мейле разве что файерштормом
  1968 | D:2      | jacquesderrida: НЕ
  2175 | D:2      | jacquesderrida: А ТАК ТЫ НЕ СПЕДРОНИШ
  2177 | D:2      | jacquesderrida: Тогда можно и в плейте
  2180 | D:2      | jacquesderrida: И без ригена
  2209 | D:1      | DEFE: риген на будущее
  2244 | D:1      | DEFE: хотя если тсо брать можно и не учить
  2249 | D:1      | jacquesderrida: Я из будущего
  2251 | D:1      | Reached XP level 5. HP: 7/38 MP: 4/8
  2620 | D:3      | Noticed DEFE's ghost (amateur TrFi)
  2936 | D:3      | Reached skill level 6 in Polearms
  3311 | D:3      | Reached XP level 6. HP: 44/44 MP: 7/9
  3326 | D:3      | Found a glowing silver altar of Zin.
  3332 | D:3      | ololoev: нужен ли мне зин?
  3332 | D:3      | ololoev: нафиг
  3674 | D:3      | DEFE: только если ходить с ним до ближайшего алтаря тсо
  3713 | D:3      | DEFE: мне тсо нравится на мерфолках
  3731 | D:3      | DEFE: т.к. на них хорошо уходить в двуручи
  3753 | D:3      | DEFE: а тсо даст буст точности
  4389 | D:4      | Reached skill level 7 in Polearms
  4619 | D:4      | Gained mutation: You are partially covered in icy blue scales (AC +1). [potion of beneficial mutation]
  4620 | D:4      | Killed from afar by an orc priest

Dungeon Overview and Level Annotations

Branches:
Dungeon (4/15)
 Temple: D:4-7

Altars:
Zin

Annotations:
D:3 DEFE's ghost, amateur TrFi


Message History

Press: ? - help, Dir - move target cursor, f - orc priest
Aim: an orc priest, wielding a trident You reach to attack!
You strike the helpless orc priest from behind!
You hit the orc priest.
The orc priest is moderately wounded.
The orc priest hits you from afar with a trident.
Attack whom?
Press: ? - help, Dir - move target cursor, f/p - orc priest
Aim: an orc priest, wielding a trident (moderately wounded)
You reach to attack!
You hit the orc priest but do no damage.
The orc priest is moderately wounded.
The orc priest calls down the wrath of Beogh upon you.
Pain shoots through your body!
Attack whom?
Press: ? - help, Dir - move target cursor, f/p - orc priest
Aim: an orc priest, wielding a trident (moderately wounded)
You reach to attack!
You hit the orc priest.
The orc priest is severely wounded.
Attack whom?
Press: ? - help, Dir - move target cursor, f/p - orc priest
Aim: an orc priest, wielding a trident (severely wounded)
You reach to attack!
You hit the orc priest but do no damage.
The orc priest is severely wounded.
The orc priest closely misses you.
Attack whom?
Press: ? - help, Dir - move target cursor, f/p - orc priest
Aim: an orc priest, wielding a trident (severely wounded)
Okay, then.
Drink which item? (? for menu, Esc to quit)
You feel better.
The orc priest hits you but does no damage.
Attack whom?
Press: ? - help, Dir - move target cursor, f/p - orc priest
Aim: an orc priest, wielding a trident (severely wounded)
You reach to attack!
You strike the helpless orc priest from behind!
You hit the orc priest.
The orc priest is almost dead.
The orc priest calls down the wrath of Beogh upon you.
Pain shoots through your body!
Attack whom?
Press: ? - help, Dir - move target cursor, f/p - orc priest
Aim: an orc priest, wielding a trident (almost dead)
You reach to attack!
You strike the helpless orc priest from behind!
You hit the orc priest.
The orc priest is almost dead.
The orc priest mumbles some strange prayers to Beogh against you.
Pain shoots through your body!
Attack whom?
Press: ? - help, Dir - move target cursor, f/p - orc priest
Aim: an orc priest, wielding a trident (almost dead)
You reach to attack!
You closely miss the orc priest.
The orc priest is almost dead.
Attack whom?
Press: ? - help, Dir - move target cursor, f/p - orc priest
Aim: an orc priest, wielding a trident (almost dead)
You reach to attack!
You hit the orc priest but do no damage.
The orc priest is almost dead.
The orc priest calls down the wrath of Beogh upon you.
Beogh smites you!
Drink which item? (? for menu, Esc to quit)
It was a potion of cure mutation.
It has a very clean taste.
The orc priest completely misses you.
Drink which item? (? for menu, Esc to quit)
It was a potion of beneficial mutation.
Icy blue scales grow over part of your body.
You feel fantastic! The orc priest misses you.
Attack whom?
Press: ? - help, Dir - move target cursor, f/p - orc priest
Aim: an orc priest, wielding a trident (almost dead)
You reach to attack!
You barely miss the orc priest.
The orc priest is almost dead.
The orc priest mumbles some strange prayers to Beogh against you.
Pain shoots through your body!
You die...

You could see an orc priest.

Vanquished Creatures
  A centaur skeleton (D:4)
  A worker ant (D:3)
  6 adders
  12 gnolls
  4 oozes
  3 worms
  A dart slug (D:2)
  5 giant geckos
  An orc (D:3)
  7 bats
  3 giant cockroaches
  11 hobgoblins
  12 jackals
  8 kobolds
  A quokka (D:3)
  A ball python (D:2)
  4 giant newts
  8 goblins (D:1)
  43 rats
132 creatures vanquished.

Action                   |  1- 3 |  4- 6 || total
-------------------------+-------+-------++-------
Melee: Spear             |   142 |   385 ||   527
 Cast: Infusion          |     8 |    13 ||    21
       Song of Slaying   |     1 |     8 ||     9
  Use: Potion            |       |     8 ||     8
 Stab: Sleeping          |     2 |     1 ||     3
       Invisible         |       |     3 ||     3
  Eat: Chunk             |     2 |    12 ||    14
Armor: Leather armour    |    24 |    91 ||   115
Dodge: Dodged            |    58 |   182 ||   240

Vault maps used:
D:1:      co_arrival_square_in_a_square_in_a_square
D:3:      old_standard_altar, minmay_rats_cheesy_pizza
D:4:      first_bread, nicolae_ossuary_entry_monument
